 Seeded DCSS version 0.29-a0-283-ga02f740833 (webtiles) character file.

Game seed: 20220313 (custom seed)

91 muata the Skirmisher (level 4, 0/63 HPs)
             Began as a Minotaur Berserker on Mar 13, 2022.
             Was a Believer of Trog.
             Slain by a frilled lizard (3 damage)
             ... on level 3 of the Dungeon.
             The game lasted 00:03:43 (1540 turns).

muata the Skirmisher (Minotaur Berserker)           Turns: 1540, Time: 00:03:44

Health: 0/63       AC:  5    Str: 26    XL:     4   Next: 33%
Magic:  3/3        EV: 11    Int:  4    God:    Trog [**....]
Gold:   201        SH:  0    Dex: 13    Spells: 3/3 levels left

rFire   + + .      SeeInvis .   l - +5 long sword of Eternal War {spect, rF++ Will- Str+3 Dex+3}
rCold   . . .      Faith    .   (no shield)
rNeg    . . .      Spirit   .   o - +0 ring mail
rPois   .          Reflect  .   (helmet restricted)
rElec   .          Harm     .   (no cloak)
rCorr   .          Rampage  .   (no gloves)
Will    .....                   (no boots)
Stlth   ..........              (no amulet)
HPRegen 0.20/turn               h - ring of flight
MPRegen 0.08/turn               (no ring)

@: berserking (expiring), flying, very quick
A: horns 2, retaliatory headbutt
a: Renounce Religion, Berserk, Trog's Hand


You were on level 3 of the Dungeon.
You worshipped Trog.
Trog was pleased with you.
You visited 1 branch of the dungeon, and saw 3 of its levels.

You collected 201 gold pieces.

Inventory:

Hand Weapons
 a - a +0 hand axe
 l - the +5 long sword of Eternal War (weapon) {spect, rF++ Will- Str+3 Dex+3}
   (You found it on level 2 of the Dungeon)

   When its wielder attacks, the weapon's spirit leaps out and strikes again.
   The spirit shares a part of any damage it takes with its wielder.
   Str:       It affects your strength (+3).
   Dex:       It affects your dexterity (+3).
   rF:        It greatly protects you from fire.
   Will:      It decreases your willpower.
Missiles
 i - 6 atropa-tipped darts (quivered)
Armour
 b - a +0 animal skin
 o - a +0 ring mail (worn)
Jewellery
 h - a ring of flight (left hand)
Scrolls
 d - a scroll of enchant armour {unknown}
 e - a scroll of amnesia {unknown}
 f - 5 scrolls of identify {unknown}
 g - a scroll of fear {unknown}
 j - a scroll of teleportation {unknown}
 k - 2 scrolls of blinking {unknown}
 m - a scroll of enchant weapon {unknown}
Potions
 c - 2 potions of curing {unknown}
 n - a potion of mutation {unknown}
 p - a potion of degeneration {unknown}
 q - a potion of berserk rage {unknown}
 r - 2 potions of heal wounds {unknown}


   Skills:
 + Level 5.1 Fighting
 + Level 1.9 Long Blades
 - Level 4.5 Axes
 - Level 2.4 Armour
 - Level 2.1 Dodging


You had 3 spell levels left.
You didn't know any spells.
Your spell library was empty.

Dungeon Overview and Level Annotations

Branches:
Dungeon (3/15)

Altars:
Cheibriados


Innate Abilities, Weirdness & Mutations

You have a pair of horns on your head.
You reflexively headbutt those who attack you in melee.


Message History

The gnoll shouts! x2; You hear an angry hiss.
The gnoll misses you.
A frilled lizard comes into view.
The gnoll hits you with a +0 halberd.
The gnoll hits you from afar with a +0 spear.
You slash the gnoll!
You kill the gnoll!
Trog accepts your kill.
The gnoll hits you from afar with a +0 spear!
You have reached level 4!
You feel agile. The gnoll hits you with a +0 spear.
The gnoll hits you from afar with a +4 spear!
* * * LOW HITPOINT WARNING * * *
Things that are here:
a +0 halberd; a gnoll corpse You hit the gnoll.
You headbutt the gnoll, but do no damage.
The gnoll is lightly wounded.
The gnoll hits you with a +0 spear.
* * * LOW HITPOINT WARNING * * *
The gnoll hits you from afar with a +4 spear.
* * * LOW HITPOINT WARNING * * *
A red film seems to cover your vision as you go berserk!
You feel yourself moving faster!
You feel mighty! The gnoll closely misses you.
The gnoll hits you from afar with a +4 spear!
* * * LOW HITPOINT WARNING * * *
You slash the gnoll!
You kill the gnoll!
Trog accepts your kill.
The gnoll hits you from afar with a +4 spear.
* * * LOW HITPOINT WARNING * * *
Your Fighting skill increases to level 5!
The gnoll barely misses you. You furiously retaliate!
You headbutt the gnoll.
You see here a +0 spear.
You slash the gnoll!
You kill the gnoll!
Trog accepts your kill.
You closely miss the frilled lizard. The frilled lizard bites you.
You die...

#### #### #..#########..#
#.#..≈§≈§≈..#.# #.#.≈.....≈.#.#
#.#.≈.≈§§.≈.#)# #.#.≈≈§..≈≈.#@#
#.#.≈§§_.≈≈.#l#
#.#.≈§.§.≈≈.#.#########
#.#.§.≈§≈§§.#.........#
#)#.≈.....≈.#.##......#
##.#..§≈≈≈≈..#.##......#
##...#########..##......########
##.......<## ########..........
#..........# ######.........


You could see a frilled lizard.

Vanquished Creatures
  3 gnolls (D:3)
  An adder (D:3)
  A worm (D:2)
  3 dart slugs
  An orc (D:3)
  3 endoplasms
  2 giant cockroaches
  7 goblins
  2 hobgoblins
  A quokka (D:1)
  7 ball pythons
  4 bats
  2 frilled lizards (D:2)
  2 kobolds
  5 rats
44 creatures vanquished.

Vanquished Creatures (others)
  4 toadstools (D:1)
4 creatures vanquished.

Grand Total: 48 creatures vanquished

Notes
Turn   | Place    | Note
-------+----------+-------------------------------------------
     0 | D:1      | muata the Minotaur Berserker began the quest for the Orb.
     0 | D:1      | Reached XP level 1. HP: 19/19 MP: 0/0
   198 | D:1      | Reached skill level 4 in Fighting
   198 | D:1      | Reached XP level 2. HP: 19/27 MP: 1/1
   867 | D:2      | Reached XP level 3. HP: 34/34 MP: 2/2
  1121 | D:2      | Identified the +5 long sword of Eternal War {spect, rF++
                  | Will- Str+3 Dex+3}
  1390 | D:3      | Reached ** piety under Trog
  1430 | D:3      | Found a faded altar of an unknown god.
  1436 | D:3      | Reached skill level 1 in Long Blades
  1502 | D:3      | Found a snail-covered altar of Cheibriados.
  1534 | D:3      | Reached XP level 4. HP: 26/41 MP: 3/3
  1537 | D:3      | HP: 2/61 [gnoll/+4 spear (2)]
  1538 | D:3      | Reached skill level 5 in Fighting
  1540 | D:3      | Slain by a frilled lizard

Illustrated notes

Levels and vault maps discovered:
D:1:      ldierk_water_garden, layout_basic, st_stairs_4
D:2:      layout_rooms
D:3:      layout_rooms, mainiacjoe_overflow_paths,
          chequers_ecumenical_altar_simple, minivault_25, st_stairs_13

Skill      XL: |  1  2  3  4 |
---------------+-------------+-----
Fighting       | 4 5 |  5.1
Axes           | 4 |  4.5
Long Blades    | 1 |  1.9
Armour         | |  2.4
Dodging        | |  2.1

Action                   |  1- 3 |  4- 6 || total
-------------------------+-------+-------++-------
Melee: Hand axe          |    48 |       ||    48
       Headbutt          |     6 |     1 ||     7
       Long sword        |    14 |     4 ||    18
Invok: Berserk           |       |     1 ||     1
Armor: Animal skin       |    12 |       ||    12
       Ring mail         |     3 |       ||     3
Dodge: Dodged            |    38 |     2 ||    40

Table legend: (Time is in decaauts)
 A = Elapsed time spent in this place.
 B = Non-inter-level travel time spent in this place.
 C = Inter-level travel time spent in this place.
 D = Time resting spent in this place.
 E = Time spent auto-exploring this place.
 F = Levels seen in this place.
 G = Mean time per level.
                   A        B        C        D        E       F      G
               +--------+--------+--------+--------+--------+-----+--------+
         Total |   1550 |   1520 |     30 |      0 |   1210 |   3 |  516.7 |
       Dungeon |   1550 |   1520 |     30 |      0 |   1210 |   3 |  516.7 |
               +--------+--------+--------+--------+--------+-----+--------+

Top non-repeatable levels by time:
     D:1: 864 daAuts
     D:2: 470 daAuts
     D:3: 215 daAuts
